 Dungeon Crawl Stone Soup version 0.30-b1-2-g02819fbbbe (webtiles) character file.

Game seed: 4042832178178429184

43 Flugkiller the Vexing (level 3, -6/26 HPs)
             Began as a Barachi Enchanter on May 19, 2023.
             Killed from afar by Natasha (8 damage)
             ... with a magic dart
             ... on level 2 of the Dungeon.
             The game lasted 00:01:53 (828 turns).

Flugkiller the Vexing (Barachi Enchanter)            Turns: 828, Time: 00:01:54

Health: -6/26      AC:  3    Str:  9    XL:     3   Next: 58%
Magic:  1/7        EV: 12    Int: 17    God:
Gold:   63         SH:  0    Dex: 12    Spells: 2/7 levels left

rFire   . . .        a - +1 dagger
rCold   + . .        (no shield)
rNeg    . . .        b - +0 robe
rPois   .            (no helmet)
rElec   .            (no cloak)
rCorr   .            i - +0 pair of gloves
SInv    .            (no boots)
Will    .....        (no amulet)
Stlth   ++           p - ring of protection from cold
HPRegen 0.24/turn    (no ring)
MPRegen 0.10/turn

%: no passive effects
@: confusing by touch, slowed, very slow
A: amphibious, slowness 1, strong legs 1, +LOS
a: Hop


You were on level 2 of the Dungeon.
You visited 1 branch of the dungeon, and saw 2 of its levels.

You collected 63 gold pieces.

Inventory:

Hand Weapons
 a - a +1 dagger (weapon)
 e - a +0 rapier
   (You found it on level 1 of the Dungeon)
Armour
 b - a +0 robe (worn)
 i - a +0 pair of gloves (worn)
   (You found it on level 2 of the Dungeon)
Jewellery
 p - a ring of protection from cold (left hand)
   (You found it on level 1 of the Dungeon)
Scrolls
 f - a scroll of identify {unknown}
 g - a scroll of blinking {unknown}
 h - 3 scrolls of enchant armour {unknown}
 j - a scroll of vulnerability {unknown}
 k - a scroll of magic mapping {unknown}
Potions
 c - 2 potions of invisibility
 q - 2 potions of curing


   Skills:
 - Level 1.0 Fighting
 + Level 1.9 Short Blades
 - Level 2.1 Dodging
 + Level 3.1 Stealth
 + Level 2.6 Spellcasting
 + Level 3.7 Hexes


You had 2 spell levels left.
You knew the following spells:

 Your Spells              Type           Power      Damage    Failure   Level
a - Ensorcelled Hibernat  Hex/Ice        16%        N/A       13%         2
b - Confusing Touch       Hex            14%        N/A       12%         3

Your spell library contained the following spells:

 Spells                   Type           Power      Damage    Failure   Level
 Tukima's Dance           Hex            14%        N/A       12%         3
 Dazzling Flash           Conj/Hex       16%        N/A       26%         3
 Frozen Ramparts          Ice            4%         1d1       47%         3
 Ice Form                 Ice/Tmut       2%         N/A       87%         4
 Summon Ice Beast         Ice/Summ       2%         N/A       87%         4


Dungeon Overview and Level Annotations

Branches:
Dungeon (2/15) Zot: 11056

Altars:

Annotations:
D:2 Natasha


Innate Abilities, Weirdness & Mutations

You are amphibious.
You cover ground slowly.
You can hop short distances.
You have an extended range of vision and can be seen from far away.


Message History

Press: ? - help, Shift-Dir - straight line, f - kobold
Aim: a kobold, wielding a +0 club and quivering stones (chance to affect: 59%)
You miscast Ensorcelled Hibernation.
You are very lightly contaminated with residual magic.
Nothing appears to happen.
The kobold hits you with a +0 club.
Casting: Ensorcelled Hibernation (safe; 13% risk of failure)
Confirm with . or Enter, or press ? or * to list all spells.
Aiming: Ensorcelled Hibernation (safe; 13% risk of failure)
Press: ? - help, Shift-Dir - straight line, f/p - kobold
Aim: a kobold, wielding a +0 club and quivering stones (chance to affect: 59%)
The kobold resists with significant effort.
The kobold hits you with a +0 club.
You barely miss the kobold. The kobold hits you but does no damage.
You completely miss the kobold. You barely miss the kobold.
The kobold barely misses you.
You completely miss the kobold. The kobold hits you but does no damage.
You closely miss the kobold. The kobold hits you with a +0 club.
You closely miss the kobold. The kobold misses you.
You barely miss the kobold. The kobold closely misses you.
You hit the kobold but do no damage. The kobold barely misses you.
Your magical contamination has completely faded away.
You hit the kobold.
You kill the kobold!
Things that are here:
a +0 club; 5 stones; a kobold corpse No target in view!
You now have 52 gold pieces (gained 2).
j - a scroll labelled MEPIWO WUCIX You see here a +0 plate armour.
h - 3 scrolls labelled HOOLUB ILUWKIH (gained 1)
You see here a +0 plate armour.
k - a scroll labelled KOFE TAMANAXKAVOL You see here a +0 plate armour.
HP restored.
Magic restored.
Found a stone staircase leading down.
A kobold comes into view. It is wielding a +0 dagger.
Found 11 gold pieces.
The helpless kobold fails to defend itself.
You puncture the kobold!
You kill the kobold!
No target in view!
No target in view!
No target in view!
d - 3 fuming yellow potions (gained 1)
You now have 63 gold pieces (gained 11).
Natasha, Servant of Life and Death comes into view.
Natasha is nearby!
Natasha hisses angrily.
Natasha stares at you and mumbles some strange words.
You feel yourself slow down. Natasha casts a spell at you.
You feel as though you will be slow longer.
Natasha claws you.
You closely miss Natasha. Natasha claws you!
Casting: Ensorcelled Hibernation (safe; 13% risk of failure)
Confirm with . or Enter, or press ? or * to list all spells.
Aiming: Ensorcelled Hibernation (safe; 13% risk of failure)
Press: ? - help, Shift-Dir - straight line, f - Natasha
Aim: Natasha (chance to affect: 41%) Natasha resists with some effort.
Natasha claws you! Natasha barely misses you.
Casting: Ensorcelled Hibernation (safe; 13% risk of failure)
Confirm with . or Enter, or press ? or * to list all spells.
Aiming: Ensorcelled Hibernation (safe; 13% risk of failure)
Press: ? - help, Shift-Dir - straight line, f/p - Natasha
Aim: Natasha (chance to affect: 41%) Natasha looks drowsy...
The helpless Natasha fails to defend herself.
You puncture Natasha!
Natasha is severely wounded.
Natasha barely misses you. Natasha closely misses you.
You aren't carrying any items that you can evoke.
Unknown command.
It was a potion of curing.
You feel better.
q - 2 potions of curing Natasha claws you.
Unknown command.
You hit Natasha but do no damage.
Natasha is severely wounded.
Natasha barely misses you.
You closely miss Natasha.
Natasha is severely wounded.
Natasha closely misses you. Natasha claws you.
Casting: Ensorcelled Hibernation (safe; 13% risk of failure)
Confirm with . or Enter, or press ? or * to list all spells.
The spell is quite dangerous to miscast (12% risk of failure)!
Continue anyway? [Y]es or [N]o only, please.
The spell is quite dangerous to miscast (12% risk of failure)!
Continue anyway?
Your hands begin to glow red.
Natasha mumbles some strange words.
You hit Natasha but do no damage.
Natasha is severely wounded.
Natasha stares at you and mumbles some strange words.
The magic dart hits you!
* * * LOW HITPOINT WARNING * * *
The cerulean imp hits you with a +1 spear.
* * * LOW HITPOINT WARNING * * *
Natasha casts a spell at you. The magic dart hits you!
You die...

..... #...####.....
....# ###..##...... ##.#
##.##...... ######
#.##...... .. ....##
#.##...... ...##
##..###.##......
.....####........>......
#...#..####..........
#.@5...##.###......
.......h.###..#.#
#...... ##########
##...# #...... #####
#)..... ##..... ##....
#####


You could see Natasha and a cerulean imp (summoned).

Vanquished Creatures
  An adder (D:2)
  2 dart slugs (D:1)
  4 endoplasms
  2 giant cockroaches (D:1)
  2 goblins
  2 hobgoblins (D:1)
  3 jackals (D:1)
  A quokka (D:1)
  3 ball pythons (D:1)
  3 bats
  2 frilled lizards (D:1)
  2 kobolds (D:2)
  A rat (D:2)
28 creatures vanquished.

Notes
Turn   | Place    | Note
-------+----------+-------------------------------------------
     0 | D:1      | Flugkiller the Barachi Enchanter began the quest for the
                  | Orb.
     0 | D:1      | Reached XP level 1. HP: 13/13 MP: 3/3
    53 | D:1      | Reached XP level 2. HP: 9/20 MP: 5/5
   240 | D:1      | Reached skill level 1 in Fighting
   440 | D:1      | Reached XP level 3. HP: 22/26 MP: 6/6
   586 | D:2      | Found a faded altar of an unknown god.
   612 | D:1      | Learned a level 2 spell: Ensorcelled Hibernation
   616 | D:1      | Learned a level 3 spell: Confusing Touch
   815 | D:2      | Noticed Natasha
   828 | D:2      | Killed from afar by Natasha

Illustrated notes

Levels and vault maps discovered:
D:1:      ncdulo_halloftheorcs, layout_rooms, amcnicky_mini_corridor_feature,
          serial_bayou_pond_c
D:2:      layout_rooms, hellmonk_ecumenical_altar_lost_god, basic_altar,
          kennysheep_cluttered_room, uniq_sigmund, uniq_natasha

Skill      XL: |  1  2 |
---------------+-------+-----
Fighting       | 1 |  1.0
Stealth        | 3 |  3.1
Short Blades   | |  1.9
Dodging        | |  2.1
Spellcasting   | |  2.6
Hexes          | |  3.7

Action                     || total
---------------------------++-------
  Melee: Dagger            ||   120
         Punch             ||     2
   Cast: Ensorcelled Hiber ||     6
         Confusing Touch   ||     1
    Use: Potion            ||     1
   Stab: Sleeping          ||     6
 Armour: Robe              ||    27
  Dodge: Dodged            ||    83
